[Event "Titled Tuesday Blitz April 12 Late 2022"]
[White "Mickiewicz, Piotr"]
[Black "Schekachikhin, Maksim"]
[WhiteFideId "1114891"]
[BlackFideId "24177830"]
[WhiteElo "2266"]
[BlackElo "2230"]
[Result "0-1"]
[Round "07"]
[TimeControl "180+1"]
[Date "2022.04.13"]
[WhiteClock "0:00:01"]
[BlackClock "0:01:32"]

1. e4 c5 2. Nf3 e6 3. d4 cxd4 4. Nxd4 Nc6 5. Nb5 d6 6. c4 Nf6 7. N1c3 a6 8. Na3 b6 9. Be2 Bb7 10. O-O Ne5 11. f3 Be7 12. Nc2 O-O 13. Be3 Qc7 14. Qd4 Ned7 15. Qd2 Rfe8 16. Rac1 Rac8 17. Nd4 Qb8 18. b3 Bd8 19. Rfd1 Bc7 20. g3 h5 21. Bf1 h4 22. Nde2 hxg3 23. hxg3 d5 24. cxd5 exd5 25. Nxd5 Bxd5 26. exd5 Bxg3 27. Rxc8 Rxc8 28. Bh3 Re8 29. Rc1 Qe5 30. Bxd7 Nxd7 31. Kg2 Bh4 32. Nf4 Qxe3 33. Qxe3 Rxe3 34. Rc8+ Kh7 35. Rc7 Ne5 36. d6 Rxf3 37. Nd5 Rd3 38. Nxb6 Rxd6 39. Nc4 Nxc4 40. Rxc4 g5 41. Kf3 f5 42. a4 Kg6 43. b4 g4+ 44. Kf4 Bg5+ 45. Ke5 Rb6 46. b5 axb5 47. Rb4 g3 48. axb5 g2 49. Rb1 Rxb5+ 50. Rxb5 Bf6+ 51. Ke6 g1=Q 52. Rxf5 Qb6+ 0-1


[Site "https://www.chess.com"]

[Event "Titled Tuesday Blitz April 12 Late 2022"]
[White "Migot, Tangi"]
[Black "Simonovic, Miroslav"]
[WhiteFideId "662445"]
[BlackFideId "919152"]
[WhiteElo "2529"]
[BlackElo "2043"]
[Result "1-0"]
[Round "07"]
[TimeControl "180+1"]
[Date "2022.04.13"]
[WhiteClock "0:00:23"]
[BlackClock "0:00:02"]

1. Nf3 c5 2. c4 Nc6 3. d4 cxd4 4. Nxd4 g6 5. Nc3 Bg7 6. Nc2 Nf6 7. e4 O-O 8. Be2 d6 9. O-O b6 10. Rb1 Bb7 11. b4 Rc8 12. b5 Ne5 13. Ne3 Nxe4 14. Nxe4 Bxe4 15. Rb3 Qc7 16. Bb2 Nd7 17. Bxg7 Kxg7 18. Qd4+ Nf6 19. Rd1 Qc5 20. Qa1 Qg5 21. Bf1 Rc7 22. a4 Rfc8 23. a5 bxa5 24. Qxa5 h5 25. h3 Qc5 26. Qa1 Kh7 27. Ra3 d5 28. cxd5 Nxd5 29. Nxd5 Bxd5 30. Ra6 e6 31. Qf6 Qe7 32. Qd4 Rb8 33. Rda1 Rbb7 34. Qe5 Bc4 35. Bxc4 Rxc4 36. b6 f6 37. bxa7 Rxa7 38. Rxa7 Rc1+ 39. Kh2 fxe5 40. Rxe7+ Kh6 41. Rxc1 e4 42. h4 g5 43. Rxe6+ Kg7 44. Rc7+ Kf8 45. Ra6 1-0


[Site "https://www.chess.com"]

[Event "Titled Tuesday Blitz April 12 Late 2022"]
[White "Mikhalsky, Vladimir"]
[Black "Rego, Vinicius V. de Almeida"]
[WhiteFideId "14144352"]
[BlackFideId "2106485"]
[WhiteElo "2301"]
[BlackElo "2345"]
[Result "1-0"]
[Round "07"]
[TimeControl "180+1"]
[Date "2022.04.13"]
[WhiteClock "0:01:18"]
[BlackClock "0:01:19"]

1. e4 c5 2. Nf3 d6 3. Bb5+ Nd7 4. d4 cxd4 5. Qxd4 Nf6 6. O-O g6 7. Nc3 Bg7 8. Re1 O-O 9. a4 Nc5 10. Qe3 a6 11. Bf1 Ng4 12. Qf4 Bxc3 13. bxc3 Be6 14. Nd4 Ne5 15. Qh4 Rc8 16. f4 Nc6 17. f5 Bd7 18. Re3 f6 19. Bc4+ Kg7 20. Qxh7+ Kxh7 21. Rh3+ Kg7 22. Bh6+ Kh7 23. Bxf8# 1-0


[Site "https://www.chess.com"]

[Event "Titled Tuesday Blitz April 12 Late 2022"]
[White "Minko, Dmitry"]
[Black "Manolache, Marius"]
[WhiteFideId "24188468"]
[BlackFideId "1201530"]
[WhiteElo "2452"]
[BlackElo "2622"]
[Result "0-1"]
[Round "07"]
[TimeControl "180+1"]
[Date "2022.04.13"]
[WhiteClock "0:00:01"]
[BlackClock "0:00:31"]

1. e4 c5 2. Nf3 e6 3. d4 cxd4 4. Nxd4 Nc6 5. Nc3 Qc7 6. a3 Nf6 7. Be3 a6 8. Be2 Be7 9. Qd2 b5 10. f3 h5 11. h3 h4 12. f4 Bb7 13. O-O Nh5 14. Bf3 Ng3 15. Rf2 Rd8 16. Nde2 Na5 17. b3 Rc8 18. Bd4 f6 19. e5 Nc6 20. exf6 gxf6 21. Be3 Nf5 22. Kh1 Nd8 23. Bxb7 Qxb7 24. Rf3 Qc6 25. Bf2 Bc5 26. Bxc5 Qxc5 27. b4 Qc4 28. Rd1 d5 29. Kh2 Rg8 30. g4 hxg3+ 31. Kg1 Nc6 32. Qd3 Nce7 33. Qxc4 Rxc4 34. Rfd3 Ng6 35. Nb1 Rxc2 36. R3d2 Rc4 37. Nd4 Nxd4 38. Rxd4 Nxf4 39. Rxc4 bxc4 40. Nc3 f5 41. h4 Rg4 42. Re1 Kd7 43. Na4 Kd6 44. Nc5 c3 0-1


[Site "https://www.chess.com"]

[Event "Titled Tuesday Blitz April 12 Late 2022"]
[White "Miszler, Levente"]
[Black "Sokolovsky, Yahli"]
[WhiteFideId "763276"]
[BlackFideId "2820242"]
[WhiteElo "2403"]
[BlackElo "2611"]
[Result "1/2-1/2"]
[Round "07"]
[TimeControl "180+1"]
[Date "2022.04.13"]
[WhiteClock "0:00:12"]
[BlackClock "0:00:03"]

1. Nf3 d6 2. g3 e5 3. Bg2 Nf6 4. O-O Be7 5. c4 O-O 6. Nc3 Nc6 7. d3 h6 8. Rb1 a5 9. a3 Be6 10. b4 axb4 11. axb4 Qd7 12. b5 Nd4 13. e3 Nxf3+ 14. Bxf3 d5 15. cxd5 Nxd5 16. Nxd5 Bxd5 17. Bxd5 Qxd5 18. Qb3 Qxb3 19. Rxb3 Ra2 20. Bb2 Bd6 21. d4 e4 22. Rc1 Rfa8 23. d5 b6 24. Rc4 f5 25. g4 g6 26. Kg2 Kf7 27. h3 R2a4 28. Rc6 Rd8 29. f3 exf3+ 30. Kxf3 fxg4+ 31. hxg4 Rf8 32. Bd4 Ke7+ 33. Ke4 h5 34. gxh5 gxh5 35. Rb1 Ra2 36. Rh1 Ra5 37. Rxh5 Rxb5 38. Rh7+ Kd8 39. Rh8 Rxh8 40. Bxh8 Rb1 41. Be5 Kd7 42. Bxd6 cxd6 43. Kf5 Rf1+ 44. Ke4 Rb1 45. Kf5 b5 46. Rb6 Kc7 47. Rc6+ Kd7 48. Rb6 b4 49. Ke4 Kc7 50. Rc6+ Kd7 51. Rb6 b3 52. Kd3 Kc7 53. Rb4 Kd7 54. Kc3 Re1 55. e4 Re3+ 56. Kd4 Rh3 57. Rb7+ Kc8 58. Rb6 Kc7 59. Rb4 Kd7 60. Kc4 Re3 61. Kd4 Rh3 1/2-1/2


[Site "https://www.chess.com"]

[Event "Titled Tuesday Blitz April 12 Late 2022"]
[White "Molenda, Marcin"]
[Black "Vasquez Schroeder, Rodrigo"]
[WhiteFideId "1173065"]
[BlackFideId "3400042"]
[WhiteElo "2067"]
[BlackElo "2561"]
[Result "0-1"]
[Round "07"]
[TimeControl "180+1"]
[Date "2022.04.12"]
[WhiteClock "0:00:47"]
[BlackClock "0:00:34"]

1. d4 Nf6 2. c4 e6 3. g3 c5 4. Nf3 cxd4 5. Nxd4 d5 6. Bg2 e5 7. Nb3 d4 8. O-O Nc6 9. f4 e4 10. f5 g6 11. e3 d3 12. fxg6 hxg6 13. Nc3 Bf5 14. Bd2 Bg7 15. Nc5 Qe7 16. b4 b6 17. Qa4 Rc8 18. Nd5 Nxd5 19. cxd5 bxc5 20. Rac1 Bd7 21. Rxc5 Nd8 22. Qxa7 Be5 23. Rfc1 Rb8 24. Rc7 Bxc7 25. Rxc7 Rc8 26. Bc3 Rh5 27. Rc5 Rxc5 28. bxc5 Rxd5 29. Bd4 Rxd4 30. exd4 d2 0-1


[Site "https://www.chess.com"]

[Event "Titled Tuesday Blitz April 12 Late 2022"]
[White "Moussard, Jules"]
[Black "Wang, Jalen"]
[WhiteFideId "642908"]
[BlackFideId "2078058"]
[WhiteElo "2589"]
[BlackElo "2084"]
[Result "1-0"]
[Round "07"]
[TimeControl "180+1"]
[Date "2022.04.12"]
[WhiteClock "0:00:45"]
[BlackClock "0:00:42"]

1. d3 f5 2. e4 fxe4 3. dxe4 e6 4. Nc3 g6 5. h4 d6 6. h5 g5 7. h6 Bxh6 8. Qh5+ Kd7 9. Nf3 Nc6 10. Bb5 a6 11. Bxc6+ Kxc6 12. Be3 b6 13. O-O-O Bg7 14. e5 d5 15. Nxg5 Nh6 16. Nxe6 Bxe6 17. Bxh6 Qe7 18. Bxg7 Qxg7 19. Qh6 Qf7 20. Nxd5 Kb7 21. Nf4 Bf5 22. e6 Qe7 23. Qh5 Raf8 24. Qf3+ Kb8 25. g3 Qc5 26. Qc3 Qxf2 27. Rhe1 Re8 28. e7 h5 29. Re2 Qc5 30. Qxc5 bxc5 31. Rd5 Bg4 32. Re3 Rh7 33. Rd8+ 1-0


[Site "https://www.chess.com"]

[Event "Titled Tuesday Blitz April 12 Late 2022"]
[White "Naroditsky, Daniel"]
[Black "Holt, Conrad"]
[WhiteFideId "2026961"]
[BlackFideId "2034387"]
[WhiteElo "2608"]
[BlackElo "2586"]
[Result "0-1"]
[Round "07"]
[TimeControl "180+1"]
[Date "2022.04.12"]
[WhiteClock "0:00:01"]
[BlackClock "0:00:03"]

1. d4 d5 2. Bf4 c5 3. e3 Nc6 4. Nc3 cxd4 5. exd4 Bf5 6. Nf3 e6 7. Ne5 Bd6 8. Nxc6 bxc6 9. Bxd6 Qxd6 10. Bd3 Ne7 11. O-O Qb4 12. Ne2 Qxb2 13. Rb1 Qa3 14. Rb7 O-O 15. Qc1 Qd6 16. Qf4 Qd8 17. Rfb1 Bxd3 18. cxd3 Nf5 19. g3 Nd6 20. R7b2 Qe7 21. Nc3 Nf5 22. Rb7 Qa3 23. R1b3 Qa6 24. g4 Nh4 25. Qg3 Ng6 26. h4 Rae8 27. h5 Ne7 28. Rd7 Nc8 29. Rbb7 Qa3 30. Ne2 Qxa2 31. Nf4 Qa1+ 32. Kg2 Qxd4 33. h6 g6 34. Nh3 Qf6 35. Qc7 e5 36. g5 Qf5 37. f3 e4 38. dxe4 dxe4 39. fxe4 Qxe4+ 40. Kh2 Qc2+ 41. Kg3 Re3+ 0-1


[Site "https://www.chess.com"]

[Event "Titled Tuesday Blitz April 12 Late 2022"]
[White "Noboa Silva, Kevin"]
[Black "Xie, Bryan"]
[WhiteFideId "3618471"]
[BlackFideId "30941296"]
[WhiteElo "2172"]
[BlackElo "1899"]
[Result "1-0"]
[Round "07"]
[TimeControl "180+1"]
[Date "2022.04.13"]
[WhiteClock "0:02:32"]
[BlackClock "0:02:31"]

1. e4 c5 2. c3 e6 3. d4 c4 4. Bxc4 d5 5. exd5 exd5 6. Bb5+ Nc6 7. Nf3 Nf6 8. O-O Bg4 9. Re1+ Be7 10. h3 Bh5 11. g4 Bg6 12. Ne5 Qd6 13. Bf4 1-0


[Site "https://www.chess.com"]

[Event "Titled Tuesday Blitz April 12 Late 2022"]
[White "O`Gorman, Tom"]
[Black "Dimakiling, Oliver"]
[WhiteFideId "2508249"]
[BlackFideId "5202248"]
[WhiteElo "2247"]
[BlackElo "2426"]
[Result "1-0"]
[Round "07"]
[TimeControl "180+1"]
[Date "2022.04.12"]
[WhiteClock "0:00:11"]
[BlackClock "0:00:02"]

1. e4 c5 2. Nf3 Nc6 3. d4 cxd4 4. Nxd4 Nf6 5. Nc3 d6 6. f3 Bd7 7. Be3 a6 8. Qd2 Rc8 9. g4 h6 10. h4 Na5 11. O-O-O Nc4 12. Bxc4 Rxc4 13. g5 Nh5 14. g6 Be6 15. Rhg1 Qc8 16. gxf7+ Bxf7 17. f4 b5 18. Kb1 Nf6 19. e5 b4 20. Na4 Nd5 21. e6 Bh5 22. Rde1 g6 23. Nb3 Qc6 24. Na5 Qxa4 25. Nxc4 Qb5 26. Qd3 Bg7 27. f5 Rf8 28. Bd4 Bxd4 29. Qxd4 Rxf5 30. Rgf1 Bf3 31. Ne3 Rf4 32. Qh8+ Rf8 33. Nxd5 Qxd5 34. Qxh6 a5 35. Qxg6+ Kd8 36. Qg5 Qa8 37. Qe3 Rf6 38. Rf2 Kc7 39. Ref1 Bd5 40. Rxf6 exf6 41. e7 Bc6 42. Rxf6 Be8 43. Rf1 Qa6 44. Re1 a4 45. b3 a3 46. Qd4 Qb5 47. Re4 Qc4 48. Qxc4+ 1-0


[Site "https://www.chess.com"]

[Event "Titled Tuesday Blitz April 12 Late 2022"]
[White "Ozates, Tuna"]
[Black "Gracia Alvarez, Gerardo Antonio"]
[WhiteFideId "6354521"]
[BlackFideId "5109124"]
[WhiteElo "1887"]
[BlackElo "2139"]
[Result "1-0"]
[Round "07"]
[TimeControl "180+1"]
[Date "2022.04.13"]
[WhiteClock "0:01:08"]
[BlackClock "0:00:47"]

1. e4 c5 2. Nf3 Nc6 3. Bb5 d6 4. Bxc6+ bxc6 5. O-O e5 6. c3 f5 7. d4 cxd4 8. cxd4 fxe4 9. Ng5 Be7 10. Nxe4 Bf5 11. Ng3 Bg6 12. dxe5 dxe5 13. Qa4 Qc7 14. Nc3 Nf6 15. Bg5 O-O 16. Rac1 Rac8 17. Nb5 Qb6 18. Nc3 Kh8 19. b3 Bc5 20. Bxf6 Rxf6 21. Nce4 Rf4 22. Rxc5 Bxe4 23. Rxe5 1-0


[Site "https://www.chess.com"]

[Event "Titled Tuesday Blitz April 12 Late 2022"]
[White "Papasimakopoulos, Alexandros"]
[Black "Bortnyk, Olexandr"]
[WhiteFideId "4244125"]
[BlackFideId "14120828"]
[WhiteElo "2340"]
[BlackElo "2723"]
[Result "0-1"]
[Round "07"]
[TimeControl "180+1"]
[Date "2022.04.12"]
[WhiteClock "0:00:05"]
[BlackClock "0:00:06"]

1. d4 d6 2. c4 e5 3. Nf3 e4 4. Ng5 f5 5. Nc3 Be7 6. Nh3 c6 7. Nf4 Nf6 8. e3 O-O 9. b4 g5 10. Nh5 Be6 11. h4 Nxh5 12. Qxh5 g4 13. f3 d5 14. cxd5 Bxb4 15. Bd2 cxd5 16. fxg4 Qc7 17. Ne2 Bxd2+ 18. Kxd2 Qa5+ 19. Nc3 Nd7 20. Be2 Rac8 21. Rhc1 f4 22. Qg5+ Kh8 23. Rc2 fxe3+ 24. Qxe3 Nb6 25. Qh6 Qb4 26. Qe3 Bxg4 27. Rb1 Nc4+ 28. Bxc4 Qxc4 29. Rxb7 Rf1 30. Qg3 Rd1+ 31. Nxd1 Qxc2+ 32. Ke3 Qc1+ 33. Kf2 Rc2+ 34. Kg1 Qxd1+ 35. Kh2 Qxd4 36. Qb8+ Bc8 37. Re7 Qf6 38. Qe5 Qxe5+ 39. Rxe5 Bb7 40. Re8+ Kg7 41. Re7+ Kf6 42. Rxb7 e3 43. Kg3 Rxa2 44. Rxh7 d4 45. Rh8 e2 46. Kf2 d3 47. Rd8 Rd2 48. g4 Rd1 49. g5+ Ke7 50. Rxd3 Rxd3 51. Kxe2 Rh3 52. h5 Rxh5 0-1


[Site "https://www.chess.com"]

[Event "Titled Tuesday Blitz April 12 Late 2022"]
[White "Paravyan, David"]
[Black "Begmuratov, Khumoyun"]
[WhiteFideId "4194985"]
[BlackFideId "14210207"]
[WhiteElo "2569"]
[BlackElo "1961"]
[Result "1-0"]
[Round "07"]
[TimeControl "180+1"]
[Date "2022.04.12"]
[WhiteClock "0:00:26"]
[BlackClock "0:00:12"]

1. e4 e5 2. Nf3 Nc6 3. Nc3 Nf6 4. d4 exd4 5. Nxd4 Bb4 6. Nxc6 bxc6 7. Bd3 d5 8. exd5 cxd5 9. O-O O-O 10. Bg5 c6 11. Qf3 h6 12. Bxf6 Qxf6 13. Qxf6 gxf6 14. Ne2 Bd6 15. Nd4 c5 16. Nf5 Bxf5 17. Bxf5 Be5 18. Rab1 Rab8 19. b3 c4 20. Rbd1 Rfd8 21. Rfe1 cxb3 22. axb3 a5 23. Re3 Rb4 24. Rh3 Kg7 25. Rhd3 a4 26. bxa4 Rxa4 27. g3 d4 28. Kg2 Rc4 29. Rb3 Rb8 30. Ra3 Rb7 31. Be4 Re7 32. Bd3 Rc3 33. Ra4 Rd7 34. Rb1 Rc5 35. Rbb4 Rcd5 36. Rc4 Bb8 37. Be4 R5d6 38. Bf5 Rd8 39. Rab4 Rd5 40. Be4 R5d7 41. Rc6 Ba7 42. Ra4 Bb8 43. Kf3 Rd6 44. Rcc4 R6d7 45. Bf5 Rd5 46. Be4 R5d7 47. Ra6 Rd6 48. Ra8 Rb6 49. Bd3 Kf8 50. Kg4 Kg7 51. f4 Kf8 52. Ra5 Kg7 53. Raa4 Rb1 54. Rxd4 Re8 55. Rd7 h5+ 56. Kxh5 Rh1 57. h4 Rg1 58. Kg4 Re3 59. Kf5 Rexg3 60. Bc4 Rg4 61. Rxf7+ Kh6 62. Rxf6+ Kh7 63. Bd3 Kg7 64. h5 Rxf4+ 65. Rxf4 Bxf4 66. Rg6+ Rxg6 67. hxg6 Bd2 68. c4 Be3 69. Ke6 Kf8 70. Kd6 Bd4 71. c5 Ke8 72. c6 Kd8 73. c7+ Kc8 74. Ba6# 1-0


[Site "https://www.chess.com"]

[Event "Titled Tuesday Blitz April 12 Late 2022"]
[White "Pesotskiy, Mikhail"]
[Black "Kavyev, Ruslan"]
[WhiteFideId "34164453"]
[BlackFideId "34110981"]
[WhiteElo "2010"]
[BlackElo "2182"]
[Result "1-0"]
[Round "07"]
[TimeControl "180+1"]
[Date "2022.04.13"]
[WhiteClock "0:00:04"]
[BlackClock "0:00:02"]

1. c4 Nf6 2. d4 g6 3. Nc3 Bg7 4. e4 d6 5. f3 O-O 6. Be3 Nbd7 7. Bd3 a6 8. Nge2 c5 9. Qd2 Qa5 10. O-O Rb8 11. Rfd1 b5 12. Nd5 Nxd5 13. Qxa5 Nxe3 14. Rdc1 bxc4 15. Bxc4 cxd4 16. Rab1 Ne5 17. b3 N5xc4 18. bxc4 Nxc4 19. Qc7 Rxb1 20. Rxb1 Ne3 21. Rb8 d3 22. Rxc8 dxe2 23. Rxf8+ Bxf8 24. Kf2 Nxg2 25. Kxe2 Nf4+ 26. Kf1 Ne6 27. Qa5 Nc5 28. Ke2 h5 29. Qd8 Kg7 30. Ke3 e5 31. Kd2 Ne6 32. Qc8 Nc5 33. Qc7 Ne6 34. Qa7 Nc5 35. Kc3 Kg8 36. Qa8 Kg7 37. Qe8 Ne6 38. Kc4 Nd4 39. Qa8 Nxf3 40. Qxa6 Nxh2 41. a4 Nf3 42. a5 h4 43. Qc8 Ng5 44. a6 h3 45. Kd3 h2 46. Qc1 Nh3 47. a7 Ng1 48. a8=Q h1=Q 49. Qaa1 Qh3+ 50. Qe3 Nf3 51. Qd1 1-0


[Site "https://www.chess.com"]

[Event "Titled Tuesday Blitz April 12 Late 2022"]
[White "Pinheiro, Iung Alicio de O."]
[Black "Mirzoev, Azer"]
[WhiteFideId "2104350"]
[BlackFideId "13400304"]
[WhiteElo "2532"]
[BlackElo "2701"]
[Result "1-0"]
[Round "07"]
[TimeControl "180+1"]
[Date "2022.04.13"]
[WhiteClock "0:00:05"]
[BlackClock "0:00:01"]

1. c4 e6 2. g3 d5 3. Bg2 Nf6 4. Nf3 Be7 5. O-O O-O 6. Qc2 c5 7. d4 cxd4 8. Nxd4 Nc6 9. Nxc6 bxc6 10. b3 a5 11. Nc3 Ba6 12. Rd1 Qb8 13. Bf4 Qa7 14. Be3 Bc5 15. Bxc5 Qxc5 16. Na4 Qa7 17. e4 dxc4 18. bxc4 e5 19. c5 Rad8 20. Qc3 Qc7 21. Nb6 Be2 22. Re1 Bg4 23. Qxa5 Rd4 24. a4 h5 25. Qc3 Rfd8 26. a5 h4 27. a6 Qa7 28. h3 Be6 29. g4 Ne8 30. Bf1 Nc7 31. Qe3 Nb5 32. Qg5 f6 33. Qxh4 Nc3 34. g5 fxg5 35. Qxg5 Bf7 36. Qxe5 Nb5 37. Bxb5 cxb5 38. Qg5 Rd3 39. Qg4 b4 40. Qf4 b3 41. Rab1 Qxa6 42. Nd5 1-0


[Site "https://www.chess.com"]

[Event "Titled Tuesday Blitz April 12 Late 2022"]
[White "Plazuelo Pascual, Juan"]
[Black "Quintiliano Pinto, Renato R."]
[WhiteFideId "32059566"]
[BlackFideId "2117568"]
[WhiteElo "2359"]
[BlackElo "2439"]
[Result "0-1"]
[Round "07"]
[TimeControl "180+1"]
[Date "2022.04.12"]
[WhiteClock "0:00:01"]
[BlackClock "0:00:10"]

1. d4 Nf6 2. c4 e6 3. Nc3 Bb4 4. Qc2 c5 5. dxc5 O-O 6. Nf3 Na6 7. g3 Nxc5 8. Bg2 b6 9. O-O Bb7 10. Nb5 Be4 11. Qd1 Nb7 12. Bf4 Rc8 13. Rc1 a6 14. Nd6 Nxd6 15. Bxd6 Bxd6 16. Qxd6 Rc6 17. Qd4 Qc7 18. Ne5 Bxg2 19. Kxg2 Rc5 20. Nd3 Ra5 21. a3 Rc8 22. Kg1 Ra4 23. Rfd1 h6 24. Ne5 d5 25. b3 Rxa3 26. Qb2 Rxb3 27. Qxb3 Qxe5 28. Qxb6 Qxe2 29. cxd5 Rxc1 30. Rxc1 Nxd5 31. Qb8+ Kh7 32. Qb7 f6 33. Ra1 a5 34. Qa7 h5 35. Qxa5 h4 36. Re1 Qg4 37. Qa6 Nf4 38. Qd6 Nh3+ 39. Kg2 Ng5 40. Qd3+ f5 41. Kh1 Ne4 42. Rf1 Qh3 43. Kg1 Nf6 44. Qe3 Ng4 0-1


[Site "https://www.chess.com"]

[Event "Titled Tuesday Blitz April 12 Late 2022"]
[White "Pourkashiyan, Atousa"]
[Black "Kanyamarala, Tarun"]
[WhiteFideId "12502014"]
[BlackFideId "45004714"]
[WhiteElo "2247"]
[BlackElo "2177"]
[Result "0-1"]
[Round "07"]
[TimeControl "180+1"]
[Date "2022.04.13"]
[WhiteClock "0:00:07"]
[BlackClock "0:00:34"]

1. e4 c5 2. Nf3 e6 3. d4 cxd4 4. Nxd4 Nf6 5. Nc3 Nc6 6. Ndb5 Bc5 7. Nd6+ Ke7 8. Nxc8+ Rxc8 9. Be2 Re8 10. O-O Kf8 11. Bg5 Kg8 12. Kh1 h6 13. Bh4 Be7 14. f4 d5 15. e5 Nd7 16. Bxe7 Nxe7 17. Bd3 Nc5 18. Nb5 Nxd3 19. Qxd3 Nf5 20. Nxa7 Rc4 21. Nb5 Qb6 22. b3 Re4 23. c4 Re3 24. Qd2 dxc4 25. bxc4 Rd8 26. Qf2 Qc6 27. Rac1 Red3 28. Nd6 Nxd6 29. exd6 R8xd6 30. f5 Rd2 31. Qg3 exf5 32. Qf3 Rxa2 33. Qxc6 Rxc6 34. h3 g6 35. Rb1 Rxc4 36. Rxb7 Rcc2 37. Rg1 g5 38. Rb5 f4 39. Rf5 Kg7 40. Rb1 Rxg2 41. Rb7 Rgb2 42. Rbxf7+ Kg6 43. R7f6+ Kh5 44. h4 Rb1# 0-1


[Site "https://www.chess.com"]

[Event "Titled Tuesday Blitz April 12 Late 2022"]
[White "Pranav, V"]
[Black "Najer, Evgeniy"]
[WhiteFideId "25060783"]
[BlackFideId "4118987"]
[WhiteElo "2349"]
[BlackElo "2562"]
[Result "0-1"]
[Round "07"]
[TimeControl "180+1"]
[Date "2022.04.12"]
[WhiteClock "0:01:06"]
[BlackClock "0:00:59"]

1. Nf3 d5 2. g3 Bf5 3. Bg2 e6 4. d3 Nf6 5. O-O h6 6. Nbd2 Be7 7. Re1 O-O 8. c3 c5 9. Ne5 Nc6 10. Nxc6 bxc6 11. e4 Bh7 12. Qe2 a5 13. e5 Nd7 14. Nf1 a4 15. h4 Qa5 16. a3 Qb5 17. Rd1 Rab8 18. Nh2 Qa6 19. Bf1 Kh8 20. Bf4 Rb3 21. Rd2 Rfb8 22. Rc1 Qb7 23. Rcc2 c4 24. Qh5 Bg6 25. Qf3 Nc5 26. dxc4 Bxc2 27. Rxc2 Rxb2 28. Rxb2 Qxb2 29. Bxh6 gxh6 30. Qxf7 Rf8 31. Qxe7 Qxf2+ 32. Kh1 Ne4 0-1


[Site "https://www.chess.com"]

[Event "Titled Tuesday Blitz April 12 Late 2022"]
[White "Quesada Perez, Yuniesky"]
[Black "Petrovskyi, Vadym"]
[WhiteFideId "3504409"]
[BlackFideId "14165210"]
[WhiteElo "2622"]
[BlackElo "2400"]
[Result "1-0"]
[Round "07"]
[TimeControl "180+1"]
[Date "2022.04.12"]
[WhiteClock "0:02:11"]
[BlackClock "0:02:19"]

1. e4 c5 2. Nf3 d6 3. d4 cxd4 4. Nxd4 Nf6 5. Nc3 a6 6. Be2 e5 7. Nb3 Be7 8. Be3 Be6 9. Qd3 Nbd7 10. Nd5 Bxd5 11. exd5 O-O 12. a4 b6 13. g4 Nc5 14. Nxc5 dxc5 15. O-O-O b5 16. d6 c4 17. dxe7 Qxe7 18. Qd6 Qe8 19. Bc5 1-0


[Site "https://www.chess.com"]

[Event "Titled Tuesday Blitz April 12 Late 2022"]
[White "Reprintsev, Alexander"]
[Black "Foisor, Sabina-Francesca"]
[WhiteFideId "14100541"]
[BlackFideId "1212915"]
[WhiteElo "2108"]
[BlackElo "2243"]
[Result "1-0"]
[Round "07"]
[TimeControl "180+1"]
[Date "2022.04.13"]
[WhiteClock "0:00:53"]
[BlackClock "0:00:01"]

1. e4 c6 2. b3 d5 3. Qe2 dxe4 4. Nc3 Nf6 5. Nxe4 e6 6. Bb2 Be7 7. Nf3 O-O 8. g4 Nxe4 9. Qxe4 Bf6 10. Ne5 Qd5 11. Bg2 Qxe4+ 12. Bxe4 Bxe5 13. Bxe5 Nd7 14. Bd6 Re8 15. O-O-O Nf6 16. Bf3 h6 17. h4 Nd5 18. c4 Nb6 19. g5 hxg5 20. hxg5 e5 21. Rde1 Bf5 22. Bxe5 Rad8 23. Bc3 Rxe1+ 24. Rxe1 Nc8 25. Re5 Be6 26. g6 Kf8 27. gxf7 Kxf7 28. Rg5 g6 29. Be4 Ne7 30. Rg3 Bf5 31. f3 b6 32. b4 c5 33. bxc5 bxc5 34. d3 Ke6 35. Kd2 Bxe4 36. fxe4 Rf8 37. Ke2 Rf7 38. Bd2 Rh7 39. Bg5 Nc6 40. Be3 Rh2+ 41. Kd1 Rxa2 42. Rxg6+ Kd7 43. Bxc5 1-0


[Site "https://www.chess.com"]

[Event "Titled Tuesday Blitz April 12 Late 2022"]
[White "Riehle, Marco"]
[Black "Pakleza, Zbigniew"]
[WhiteFideId "12904392"]
[BlackFideId "1119290"]
[WhiteElo "2462"]
[BlackElo "2467"]
[Result "0-1"]
[Round "07"]
[TimeControl "180+1"]
[Date "2022.04.12"]
[WhiteClock "0:00:19"]
[BlackClock "0:00:04"]

1. e4 d6 2. d4 Nf6 3. f3 Nbd7 4. c4 e5 5. d5 Be7 6. Be3 O-O 7. Qd2 Nh5 8. Ne2 g6 9. g4 Bh4+ 10. Kd1 Ng7 11. Ng3 a5 12. Nc3 Nc5 13. Bd3 c6 14. Bxc5 dxc5 15. Kc2 a4 16. Qe3 Qe7 17. Rag1 Bd7 18. Rg2 Kh8 19. Rhg1 b5 20. Nf5 gxf5 21. gxf5 Rg8 22. dxc6 bxc4 23. Nd5 cxd3+ 24. Kb1 Qd6 25. cxd7 Rab8 26. a3 c4 27. f6 Bxf6 28. Qh6 Be7 29. Qxd6 Bxd6 30. Nf6 Be7 31. Nxg8 Rxg8 32. Kc1 Bf6 33. Kd2 Rd8 34. Rc1 Rxd7 35. Rxc4 h6 36. Rxa4 Ne6 37. b4 Bg5+ 38. Kc3 d2 39. Rg1 Rc7+ 40. Kb3 Rc1 41. Rxc1 dxc1=Q 42. Ra8+ Kg7 43. Ka4 Qc6+ 44. b5 Qxa8+ 45. Kb4 Be7+ 0-1


[Site "https://www.chess.com"]

[Event "Titled Tuesday Blitz April 12 Late 2022"]
[White "Romanchuk, Viktor"]
[Black "Urazayev, Arystanbek"]
[WhiteFideId "14109271"]
[BlackFideId "13709810"]
[WhiteElo "2560"]
[BlackElo "2772"]
[Result "0-1"]
[Round "07"]
[TimeControl "180+1"]
[Date "2022.04.13"]
[WhiteClock "0:00:54"]
[BlackClock "0:01:51"]

1. d4 Nf6 2. c4 g6 3. Nc3 Bg7 4. Nf3 O-O 5. g3 d5 6. cxd5 Nxd5 7. Bg2 c5 8. O-O Nxc3 9. bxc3 Nc6 10. e3 Bf5 11. Ba3 cxd4 12. cxd4 Be4 13. Qb3 Na5 14. Qb4 Qd5 15. Ne1 Bxg2 16. Nxg2 e5 17. dxe5 Qxe5 18. Rac1 b6 19. Nf4 Rfc8 20. e4 Bf8 21. Qa4 Bxa3 22. Qxa3 Qxe4 23. Rce1 Qf5 24. Rd1 Nc4 25. Qb3 Rc5 26. Nd5 Rxd5 27. Qxc4 Rad8 28. Rxd5 Qxd5 29. Qa6 Rd7 30. Re1 Kg7 31. h4 h5 32. Qc8 Rd8 33. Qa6 Qd7 34. Re3 Rc8 35. Rf3 Rc1+ 36. Kg2 Qd1 0-1


[Site "https://www.chess.com"]

[Event "Titled Tuesday Blitz April 12 Late 2022"]
[White "Rozman, Levy"]
[Black "Papp, Levente"]
[WhiteFideId "2039877"]
[BlackFideId "751243"]
[WhiteElo "2376"]
[BlackElo "2308"]
[Result "1-0"]
[Round "07"]
[TimeControl "180+1"]
[Date "2022.04.12"]
[WhiteClock "0:00:07"]
[BlackClock "0:00:04"]

1. e4 e6 2. c4 d5 3. cxd5 exd5 4. Qb3 c6 5. Nc3 d4 6. Bc4 Qg5 7. Bxf7+ Kd8 8. Nce2 Qxg2 9. Ng3 Nh6 10. Be6 Bd6 11. N1e2 Rf8 12. Rf1 Na6 13. Bxc8 Nc5 14. Qc4 Kxc8 15. Qxd4 Rd8 16. Qxg7 Bf8 17. Qxh7 Nd3+ 18. Kd1 Nxf2+ 19. Kc2 Nfg4 20. d3 Bd6 21. Bxh6 Bxg3 22. Qf5+ Rd7 23. Qxg4 Qxh2 24. Rh1 Qf2 25. Raf1 Qc5+ 26. Nc3 Be5 27. Rh5 Qd4 28. Qe2 b5 29. Rf8+ Kb7 30. Rxa8 Kxa8 31. a3 a5 32. Be3 Qd6 33. Nd1 b4 34. axb4 Qxb4 35. d4 Bxd4 36. Qa6+ Kb8 37. Bf4+ Rd6 38. Bxd6+ Qxd6 39. Qc4 Bg7 40. Rxa5 Qh2+ 41. Kb1 Qd2 42. Qb3+ Kc7 43. Ra4 Be5 44. Rc4 Kd6 45. Qc2 Qf4 46. Rxc6+ Ke7 47. Rc4 Qf1 48. Rc5 Bd6 49. Rd5 Ke6 50. Rxd6+ Kxd6 51. Qd2+ Ke5 52. Qd5+ Kf4 53. Qf5+ 1-0


[Site "https://www.chess.com"]